 Dungeon Crawl Stone Soup version 0.22-a0-142-g91cc6d7 (webtiles) character file.

656 theanonym the Cudgeler (level 7, -2/56 HPs)
             Began as a Mummy Chaos Knight on Feb 5, 2018.
             Slain by an ogre
             ... wielding a +0 giant spiked club
              (29 damage)
             ... on level 5 of the Dungeon.
             The game lasted 00:08:48 (4573 turns).

theanonym the Cudgeler (Mummy Chaos Knight)         Turns: 4573, Time: 00:08:51

Health: -2/56      AC: 10    Str: 17      XL:     7   Next: 29%
Magic:  7/7        EV:  2    Int: 12      God:    Xom [...*..]
Gold:   188        SH:  7    Dex:  8 (11) Spells: 6/6 levels left

rFire    x . .     SeeInvis +   a - +0 flail
rCold    + . .     Gourm    .   c - +1 shield
rNeg     + + +     Faith    .   q - +0 plate armour
rPois    ∞         Spirit   .   (no helmet)
rElec    .         Reflect  .   (no cloak)
rCorr    .         Harm     .   (no gloves)
MR       +....                  (no boots)
Stlth    ..........             (no amulet)
HPRegen  0.18/turn              e - ring of protection from magic
MPRegen  0.10/turn              l - ring of see invisible

@: no status effects
A: no food or potions, fire vulnerability, cold resistance 1, negative energy
resistance 3, torment resistance, unbreathing
a: Renounce Religion


Innate Abilities, Weirdness & Mutations

You do not eat or drink.
Your flesh is vulnerable to fire.
You are immune to poison.
Your flesh is cold resistant. (rC+)
You are immune to negative energy. (rN+++)
You are immune to unholy pain and torment.
You can survive without breathing.


   Skills:
 + Level 5.4 Fighting
 * Level 6.0 Maces & Flails
 - Level 1.5 Armour
 - Level 0.7 Dodging


You had 6 spell levels left.
You didn't know any spells.

Skill      XL: |  1  2  3  4  5  6  7 |
---------------+----------------------+-----
Maces & Flails | 3 4 5 6 |  6.0
Fighting       | 4 5 |  5.4
Armour         | |  1.5
Dodging        | |  0.7

Action                   |  1- 3 |  4- 6 |  7- 9 || total
-------------------------+-------+-------+-------++-------
Melee: Mace              |    86 |   143 |       ||   229
       Flail             |       |   143 |    40 ||   183
  Use: Scroll            |     1 |     7 |       ||     8
 Stab: Confused          |       |     1 |       ||     1
Armor: Leather armour    |     3 |       |       ||     3
       Ring mail         |    59 |    49 |       ||   108
       Scale mail        |       |    30 |       ||    30
       Plate armour      |       |   151 |    28 ||   179
Dodge: Dodged            |    45 |    90 |     3 ||   138
Block: Shield            |       |   117 |    13 ||   130

Inventory:

Hand Weapons
 a - a +0 flail (weapon)
   (You found it on level 4 of the Dungeon)
 h - a +0 mace of chaos
Missiles
 m - 3 tomahawks
 p - 3 javelins (quivered)
Armour
 b - a +2 leather armour
 c - a +1 shield (worn)
   (You found it on level 3 of the Dungeon)
 f - a +0 scale mail
   (You found it on level 4 of the Dungeon)
 g - a +0 ring mail
   (You found it on level 1 of the Dungeon)
 q - a +0 plate armour (worn)
   (You found it on level 4 of the Dungeon)
Jewellery
 e - a ring of protection from magic (left hand)
   (You found it on level 1 of the Dungeon)
 j - a +2 ring of dexterity
   (You took it off an orc wizard on level 4 of the Dungeon)
 l - a ring of see invisible (right hand)
   (You found it on level 2 of the Dungeon)
Wands
 d - a wand of digging (17) {god gift}
   (Xom gifted it to you on level 3 of the Dungeon)
Scrolls
 i - a scroll of fear
 k - a scroll of noise
 n - 5 scrolls of remove curse
 t - a scroll of teleportation {!r}


You were on level 5 of the Dungeon.
You worshipped Xom.
You were a favourite toy of Xom.
You were not hungry.

You visited 1 branch of the dungeon, and saw 5 of its levels.

You collected 188 gold pieces.

Dungeon Overview and Level Annotations

Branches:
Dungeon (5/15)
 Temple: D:4-7

Altars:
Yredelemnul

Annotations:
D:3 Purgy

, ,
,......#.#.#,*,,,*
,* , ,,......#.#.#
*,** ***,,,
,,....%.#.#.#,* *
* ,, ,,,.....#.#.#
*, ,*
,,,,,,.........,
#,* *** ** *
*#....##.#,* #*
,,,, , #....'..#
,...* ,,,, * *
#..O.####.....* ,
,,**+*
**#..@..........*
, ,, ,,,,
##...####..... ,
,,, ,, ,,* #####
*,,...* ***,,,,,
,, * *, ,.
*,,,,,,, ,* ,,
,,,,,,** ** ***
,,,,,,,,, , ,* *
**** * *** **,, ,
,,* *, , ,, *,,,,,
, * ** * ,


You could see an ogre.

Notes
Turn   | Place    | Note
-------+----------+-------------------------------------------
     0 | D:1      | theanonym the Mummy Chaos Knight began the quest for the Orb.
     0 | D:1      | Reached XP level 1. HP: 18/18 MP: 1/1
   153 | D:1      | XOM: divination: detect creatures
   255 | D:1      | XOM: harmless Summ miscast
   384 | D:1      | XOM: harmless Air miscast
   600 | D:1      | Reached XP level 2. HP: 24/24 MP: 2/2
   603 | D:1      | XOM: medium Erth miscast
   603 | D:1      | HP: 8/24 [something (16)]
   825 | D:2      | XOM: noise
  1069 | D:2      | Noticed Jessica
  1070 | D:2      | XOM: divination: detect items
  1074 | D:2      | Killed Jessica
  1074 | D:2      | Reached skill level 3 in Maces & Flails
  1074 | D:2      | Reached XP level 3. HP: 26/29 MP: 3/3
  1086 | D:2      | XOM: silly message
  1588 | D:2      | Reached XP level 4. HP: 36/37 MP: 4/4
  2172 | D:3      | XOM: god gift: wand of digging (17) {god gift}
  2638 | D:4      | XOM: noise
  2639 | D:4      | XOM: divination: detect creatures
  2642 | D:4      | Noticed Menkaure
  2656 | D:3      | Reached skill level 4 in Fighting
  2656 | D:3      | Reached skill level 4 in Maces & Flails
  2733 | D:3      | XOM: harmless Chrm miscast
  2735 | D:4      | Noticed Purgy
  2746 | D:3      | HP: 17/37 [Purgy (5)]
  2750 | D:3      | HP: 8/37 [Purgy (1)]
  2752 | D:3      | XOM: cast spell 'Call Canine Familiar'
  2755 | D:3      | XOM: potion effect (curing)
  3013 | D:4      | HP: 16/37 [orc/hand axe (6)]
  3022 | D:4      | Reached XP level 5. HP: 19/42 MP: 5/5
  3025 | D:4      | HP: 18/42 [orc/hand axe (2)]
  3242 | D:4      | HP: 21/42 [dart slug (2)]
  3453 | D:4      | Found a basalt altar of Yredelemnul.
  3465 | D:4      | XOM: smoke on damage
  3515 | D:4      | XOM: cast spell 'Summon Mana Viper'
  3520 | D:4      | Killed Menkaure
  3520 | D:4      | Reached XP level 6. HP: 41/49 MP: 6/6
  3605 | D:4      | Reached skill level 5 in Maces & Flails
  3987 | D:4      | Reached skill level 5 in Fighting
  4163 | D:5      | Entered Level 5 of the Dungeon
  4163 | D:5      | Noticed an ice beast
  4200 | D:5      | XOM: divination: magic mapping
  4231 | D:5      | HP: 24/51 [quasit (2)]
  4238 | D:5      | HP: 19/51 [quasit (1)]
  4250 | D:5      | Reached XP level 7. HP: 18/56 MP: 7/7
  4291 | D:4      | XOM is BORED!
  4291 | D:4      | XOM: mild Erth miscast
  4476 | D:5      | XOM: scenery: 1 doors open
  4498 | D:5      | Reached skill level 6 in Maces & Flails
  4572 | D:5      | HP: 27/56 [ogre/giant spiked club (23)]
  4573 | D:5      | Slain by an ogre

Vanquished Creatures
  An ice beast (D:5)
  A scorpion (D:5)
  A howler monkey (D:4)
  3 hounds
  A quasit (D:5)
  Jessica (D:2)
  2 orc wizards (D:4)
  3 worker ants
  7 adders
  An ooze (D:4)
  A worm (D:3)
  2 dart slugs
  A leopard gecko (D:1)
  15 orcs
  3 bats
  6 giant cockroaches
  3 goblins
  2 hobgoblins
  2 quokkas (D:3)
  A ball python (D:2)
  5 frilled lizards
  5 kobolds
  A quokka skeleton (D:4)
  6 rats
74 creatures vanquished.

Vanquished Creatures (collateral kills)
  Menkaure (D:4)
1 creature vanquished.

Grand Total: 75 creatures vanquished

Table legend:
 A = Turns spent in this place as a percentage of turns spent in the entire game.
 B = Non-inter-level travel turns spent in this place as a percentage of non-inter-level travel turns spent in the entire game.
 C = Inter-level travel turns spent in this place as a percentage of turns spent in this place.
 D = Turns resting spent in this place as a percentage of non-inter-level travel turns spent in this place.
 E = Turns spent auto-exploring this place as a percentage of non-inter-level travel turns spent in this place.
 F = Non-inter-level travel turns spent in this place divided by the number of levels of this place that you've seen.
                   A       B       C       D       E      F
               +-------+-------+-------+-------+-------+----------------------
         Total | 100.0 | 100.0 |   7.1 |  26.1 |  54.0 | 849.8
       Dungeon | 100.0 | 100.0 |   7.1 |  26.1 |  54.0 | 849.8
               +-------+-------+-------+-------+-------+----------------------
